 Dungeon Crawl Stone Soup version 0.28.0-45-g0d030f2227 (webtiles) character file.

Game seed: 10927528432483856826

94 dianekeaton the Chopper (level 4, -5/39 HPs)
             Began as a Hill Orc Fighter on Apr 5, 2022.
             Killed by nerve-wracking pain
             ... invoked by an orc priest
              (12 damage)
             ... on level 3 of the Dungeon.
             The game lasted 00:04:34 (1961 turns).

dianekeaton the Chopper (Hill Orc Fighter)          Turns: 1961, Time: 00:04:35

Health: -5/39      AC: 11    Str: 20    XL:     4   Next: 63%
Magic:  4/4        EV:  5    Int:  8    God:
Gold:   54         SH:  4    Dex: 10    Spells: 3/3 levels left

rFire   . . .      SeeInvis .   a - +0 war axe
rCold   . . .      Faith    .   c - +0 buckler
rNeg    . . .      Spirit   .   g - +0 plate armour
rPois   .          Reflect  .   (no helmet)
rElec   .          Harm     .   (no cloak)
rCorr   .          Rampage  .   (no gloves)
Will    .....                   (no boots)
Stlth   ..........              (no amulet)
HPRegen 0.13/turn               (no ring)
MPRegen 0.09/turn               (no ring)

@: mighty
A: no striking features
a: Convert to Beogh


You were on level 3 of the Dungeon.
You visited 1 branch of the dungeon, and saw 3 of its levels.

You collected 54 gold pieces.

Inventory:

Hand Weapons
 a - a +0 war axe (weapon)
Missiles
 i - 18 stones (quivered)
Armour
 c - a +0 buckler (worn)
 g - a +0 plate armour (worn)
 m - a +0 chain mail of fire resistance
Jewellery
 h - a ring of protection from cold
Scrolls
 b - a scroll of amnesia {unknown}
 e - a scroll of enchant armour {unknown}
 f - a scroll of noise {unknown}
 k - a scroll of identify {unknown}
Potions
 j - a potion of heal wounds {unknown}
 l - a potion of curing {unknown}


   Skills:
 - Level 3.6 Fighting
 + Level 5.9 Axes
 - Level 3.2 Armour
 - Level 0.3 Dodging
 + Level 0.6 Stealth
 - Level 3.2 Shields


You had 3 spell levels left.
You didn't know any spells.
Your spell library contained the following spells:

 Spells                   Type           Power      Damage    Failure   Level
 Ensorcelled Hibernation  Hex/Ice        0%         N/A       100%        2
 Passwall                 Tmut/Erth      0%         N/A       100%        2
 Swiftness                Air            0%         N/A       100%        3


Dungeon Overview and Level Annotations

Branches:
Dungeon (3/15)

Altars:


Message History

The endoplasm barely misses you. The endoplasm freezes you.
You are frozen.
The endoplasm freezes you.
You are frozen.
You hit the orc.
The orc is almost dead.
You slash the endoplasm!
You kill the endoplasm!
The orc hits you but does no damage.
You slash the orc!
You kill the orc!
You closely miss the orc.
The orc is almost dead.
You block the orc's attack.
You hit the orc.
You kill the orc!
Items here: )) [ †.
Items here: )) [ †.
m - a +0 chain mail of fire resistance
i - 15 stones (gained 1)
i - 16 stones (gained 1)
i - 17 stones (gained 1)
i - 18 stones (gained 1)
An orc priest comes into view. It is wielding a +0 dagger.
The orc priest threatens, "By the altar or by the axe, you will meet Beogh!" (press Y on the ability menu to convert to Beogh)
The orc priest begins to cast a cantrip, but forgets the words!
The orc priest invokes the aid of Beogh against you.
Beogh smites you!
You feel very mighty all of a sudden.
The orc priest mumbles some strange prayers to Beogh against you.
Pain shoots through your body!
* * * LOW HITPOINT WARNING * * *
The orc priest hits you but does no damage.
You slash the orc priest!
The orc priest is heavily wounded.
The orc priest calls down the wrath of Beogh upon you.
Pain shoots through your body!
You die...

###### # #....# ..
#.##.# ... #.##.###
.... #.##@o.# .....
#.####.#
......##.####...
......'.....#######
......##.##........
...................
.####...)..#..#<...
###......#..# ...
..........#..# ..


You could see an orc priest.

Vanquished Creatures
  5 adders
  A worm (D:2)
  3 orcs (D:3)
  A bat (D:2)
  6 endoplasms
  A goblin (D:1)
  3 hobgoblins
  4 jackals (D:1)
  3 quokkas (D:1)
  5 ball pythons
  2 frilled lizards
  4 kobolds
  5 rats
43 creatures vanquished.

Notes
Turn   | Place    | Note
-------+----------+-------------------------------------------
     0 | D:1      | dianekeaton the Hill Orc Fighter began the quest for the
                  | Orb.
     0 | D:1      | Reached XP level 1. HP: 19/19 MP: 1/1
    61 | D:1      | Reached skill level 3 in Axes
   188 | D:1      | Reached XP level 2. HP: 26/26 MP: 2/2
   539 | D:1      | Reached skill level 4 in Axes
   674 | D:1      | Reached XP level 3. HP: 31/31 MP: 3/3
  1162 | D:2      | Reached skill level 5 in Axes
  1174 | D:2      | Found a faded altar of an unknown god.
  1263 | D:2      | Reached XP level 4. HP: 23/39 MP: 4/4
  1961 | D:3      | Killed from afar by an orc priest

Illustrated notes

Levels and vault maps discovered:
D:1:      sevenhm_arrival_forest_fort_small_3, layout_loops_corners
D:2:      layout_loops_ring, shapermc_ecumenical_altar_mp_urbaneastern,
          feat_on_display
D:3:      layout_basic, lemuel_doored_altar

Skill      XL: |  1  2  3 |
---------------+----------+-----
Axes           | 3 4 5 |  5.9
Fighting       | |  3.6
Armour         | |  3.2
Dodging        | |  0.3
Stealth        | |  0.6
Shields        | |  3.2

Action                   |  1- 3 |  4- 6 || total
-------------------------+-------+-------++-------
Melee: War axe           |    87 |    31 ||   118
Throw: Stone             |       |     7 ||     7
  Use: Potion            |       |     1 ||     1
Armor: Scale mail        |    15 |       ||    15
       Plate armour      |    34 |    15 ||    49
Dodge: Dodged            |    32 |     7 ||    39
Block: Buckler           |    17 |     8 ||    25
